Cogmind - Beta 10.1 @@@ ROGUE MODE // 2020.10.29 @ 14:04:51 Player: Morgweiler Result: Destroyed by DAS Turret with DAS Cannon Performance ------------- Evolutions (1) 500 Regions Visited (5) 1000 Robots Destroyed (65) 325 Value Destroyed (1096) 1096 Prototype IDs (3) 60 Alien Tech Used (0) 0 Bonus (0) 0 TOTAL SCORE: 2981 Bonus ------- None Cogmind --------- Core Integrity 0/400 Matter 172/300 Energy 100/100 System Corruption 10% Temperature Cool (0) Movement Core (550) Ox10 Location -9/Exiles Parts ------- > --- POWER (1) -------- (None) > --- PROPULSION (2) --- (None) > --- UTILITY (3) ------ High-capacity Storage Unit Advanced Visual Processing Unit Power Shielding > --- WEAPON (3) ------- (None) > --- INVENTORY (12) --- Light Nuclear Core Aluminum Leg Particle Gun Welding Torch Hammer Peak State ------------ > --- POWER ------------ Improved Ion Engine > --- PROPULSION ------- Wheel Wheel > --- UTILITY ---------- High-capacity Storage Unit Advanced Visual Processing Unit Medium Armor Plating > --- WEAPON ----------- Medium Laser Beam Rifle Heavy Assault Rifle > --- INVENTORY -------- Light Treads Light Treads Power Shielding Light Armor Plating Rocket Launcher Mini Grenade Launcher Mini Grenade Launcher Welding Torch Hammer [Rating: 16] Favorites ----------- Power Ion Engine Engine Ion Engine Power Core Light Nuclear Core Propulsion Wheel Treads Light Treads Leg Aluminum Leg Wheel Wheel Utility High-capacity Storage Unit Device Improved Terrain Scanner Storage High-capacity Storage Unit Processor Advanced Visual Processing Unit Protection Power Shielding Weapon Light Assault Rifle Energy Gun Beam Rifle Ballistic Gun Light Assault Rifle Launcher Mini Grenade Launcher Impact Weapon Hammer Build | -11 -10 -10 -9 -9 -9 ------- Run | Scr Mat Min Mat Min Exi Slots Evolved 2 | . . . 2 . . Power . | . . . . . . Propulsion . | . . . . . . Utility 1 | . . . 1 . . Weapon 1 | . . . 1 . . Parts Attached 93 | 7 16 11 45 13 1 Power 14 | 1 2 3 6 2 . Engine 11 | 1 2 3 4 1 . Core 3 | . . . 2 1 . Reactor . | . . . . . . Propulsion 43 | 2 8 4 23 6 . Treads 13 | . 3 2 8 . . Leg 6 | . 2 . 2 2 . Wheel 24 | 2 3 2 13 4 . Hover . | . . . . . . Flight . | . . . . . . Utility 10 | 2 2 . 5 . 1 Device 1 | 1 . . . . . Storage 2 | 1 1 . . . . Processor 2 | . 1 . 1 . . Hackware . | . . . . . . Protection 5 | . . . 4 . 1 Artifact . | . . . . . . Weapon 26 | 2 4 4 11 5 . Energy Gun 3 | . . . 3 . . Energy Cannon . | . . . . . . Ballistic Gun 17 | 2 4 4 6 1 . Ballistic Cannon . | . . . . . . Launcher 5 | . . . 1 4 . Special Weapon . | . . . . . . Impact Weapon 1 | . . . 1 . . Slashing Weapon . | . . . . . . Piercing Weapon . | . . . . . . Special Melee Weapon . | . . . . . . Unidentified Prototypes . | . . . . . . Parts Lost 23 | . 1 1 8 7 6 Power 3 | . . . 1 1 1 Propulsion 6 | . 1 . 1 2 2 Utility 3 | . . . 2 1 . Weapon 11 | . . 1 4 3 3 Highest Loss Streak 6 | . 1 1 3 5 6 Average Slot Usage (%) 96 | . 99 96 96 87 97 Engine 11 | . 14 14 9 5 10 Treads 5 | . 4 11 8 . . Leg 2 | . 4 4 1 1 . Wheel 15 | . 18 11 11 17 21 Device 1 | . 5 . . . . Storage 12 | . 14 14 11 11 11 Processor 10 | . 8 14 9 11 11 Protection 5 | . . . 10 5 10 Energy Gun 2 | . . . 10 . . Ballistic Gun 18 | . 27 25 19 23 . Launcher 7 | . . . . 7 32 Naked Turns . | . . . . . . Heaviest Build 61 | 13 37 45 61 45 44 Greatest Support 40 | 26 40 20 40 26 20 Greatest Overweight (x) 12 | 1 3 4 5 12 11 Average Overweight (x) 1 | . . 3 2 1 2 Largest Inventory Capacity 12 | 6 12 12 12 12 12 Average Capacity 11 | 5 9 12 12 12 12 Most Carried 12 | 4 11 12 11 11 6 Average Carried 8 | 3 7 11 8 8 5 Final Capacity 12 | 6 12 12 12 12 12 Final Carried 12 | 4 11 12 9 6 5 Class Distribution -------------------- 25% | Scavenger-Tank 24% | Mutant 22% | Scavenger-Mutant 19% | Tank 4% | Scavenger-Skirmisher 3% | Skirmisher Dominant Class ---------------- Mutant | -10/Materials Scavenger-Mutant | -10/Mines Scavenger-Tank | -9/Materials Scavenger-Tank | -9/Mines Tank | -9/Exiles Resources | -11 -10 -10 -9 -9 -9 ----------- Run | Scr Mat Min Mat Min Exi Matter Collected 1655 | 207 330 140 712 266 . Remotely . | . . . . . . Salvage Created 1541 | 50 270 155 872 194 . Parts 115 | 3 31 11 60 10 . Haulers Intercepted . | . . . . . . Recyclers Shooed 2 | . . 1 1 . . Parts Field Recycled . | . . . . . . Retrieved Matter . | . . . . . . Parts Self-Destructed . | . . . . . . Prevented . | . . . . . . Kills | -11 -10 -10 -9 -9 -9 ------- Run | Scr Mat Min Mat Min Exi Combat Hostiles Destroyed 52 | . 12 5 20 15 . Melee 1 | . . . 1 . . Guns 44 | . 12 5 19 8 . AOE 7 | . . . . 7 . Classes Destroyed 10 | 1 3 1 4 1 . Worker 3 | . . . 3 . . Builder 3 | . . 1 2 . . Tunneler 2 | 2 . . . . . Recycler 2 | . . . 2 . . Operator 2 | . . . 2 . . Watcher 1 | . 1 . . . . Swarmer 22 | . 9 3 7 3 . Grunt 18 | . 3 2 11 2 . Sentry 2 | . . . 2 . . Assembled 10 | . . . . 10 . Best Kill Streak 7 | 2 6 3 7 6 . Combat Bots Only 6 | . 6 3 4 6 . Max Kills in Single Turn 3 | 1 2 1 3 3 . Gunslinging 1 | . 1 . 1 1 . Exploded 3 | . . . . 3 . Melee 1 | . . . 1 . . Uniques/NPCs Destroyed . | . . . . . . Combat | -11 -10 -10 -9 -9 -9 -------- Run | Scr Mat Min Mat Min Exi Damage Taken 3309 | . 578 447 1283 561 440 Core 608 | . 97 56 166 154 135 Absorbed by Shields . | . . . . . . Core Remaining (%) 69 | 100 . 38 . . . Volleys Fired 157 | 3 32 34 62 25 1 Largest 3 | 2 2 2 3 3 3 Hottest 129 | 40 40 46 129 93 93 Shots Fired 362 | 6 64 54 172 62 4 Gun 347 | 6 64 54 168 55 . Cannon . | . . . . . . Launcher 15 | . . . 4 7 4 Special . | . . . . . . Kinetic 301 | 6 64 54 122 55 . Thermal 46 | . . . 46 . . Explosive 15 | . . . 4 7 4 Electromagnetic . | . . . . . . Robot Hit Streak 13 | 2 10 12 13 9 . Robot Miss Streak 6 | 1 4 6 6 3 . Penetration Max . | . . . . . . Secondary Targets 8 | . 4 1 1 2 . Max Gunslinging Chain 1 | . 1 1 1 1 . Shots Hit Robots 211 | 4 44 33 99 31 . Core Hits 114 | 2 20 14 46 32 . Critical Hits 3 | . 1 . 2 . . Critical Kills 1 | . . . 1 . . Critical Parts Destroyed 2 | . 1 . 1 . . Melee Attacks 11 | . . . 11 . . Impact 11 | . . . 11 . . Slashing . | . . . . . . Piercing . | . . . . . . Sneak Attacks 1 | . . . 1 . . Combat Hostiles . | . . . . . . Follow-up Attacks . | . . . . . . Damage Inflicted 3119 | 45 413 333 1424 904 . Guns 2291 | 45 413 333 1188 312 . Cannons . | . . . . . . Explosions 786 | . . . 194 592 . Melee 39 | . . . 39 . . Ramming 3 | . . . 3 . . Kinetic 1956 | 45 413 333 853 312 . Thermal 335 | . . . 335 . . Explosive 786 | . . . 194 592 . Electromagnetic . | . . . . . . Impact 39 | . . . 39 . . Slashing . | . . . . . . Piercing . | . . . . . . Highest Corruption 10 | . . . 10 10 10 Average Corruption 9 | . . . 9 10 10 Corruption Purged . | . . . . . . Effects 66 | . . . 24 20 22 Message Errors 8 | . . . 1 3 4 Matter Fused 7 | . . . 3 3 1 Heat Flow Errors 6 | . . . 4 . 2 Energy Discharges 8 | . . . 1 2 5 Data Loss (minor) 6 | . . . 4 . 2 Data Loss (major) 1 | . . . . . 1 Misfires 2 | . . . . 1 1 Alerts 1 | . . . 1 . . Misdirections 7 | . . . . 2 5 Targeting Errors 16 | . . . 9 6 1 Weapon Failures 4 | . . . 1 3 . Overload Shots . | . . . . . . Overflow Damage 26 | . . . . 26 . Projectiles . | . . . . . . Explosions 26 | . . . . 26 . Melee . | . . . . . . Knockbacks . | . . . . . . Impact . | . . . . . . Kinetic . | . . . . . . Secondary . | . . . . . . Self-Inflicted Damage 275 | . . . 38 129 108 Shots 7 | . . . 1 3 3 Rammed . | . . . . . . Targets Rammed 1 | . . . 1 . . Kicked . | . . . . . . Crushed 1 | . . . 1 . . Highest Temperature 507 | . 12 25 507 102 142 Average Temperature 107 | . 7 9 134 39 54 Received Heat Transfer 660 | . 96 111 306 147 . Effects 6 | . . . 6 . . Shutdowns 2 | . . . 2 . . Energy Bleed 1 | . . . 1 . . Interference 2 | . . . 2 . . Matter Decay 1 | . . . 1 . . Siege Activations . | . . . . . . Robots Corrupted . | . . . . . . Combat Hostiles . | . . . . . . Parts Fried . | . . . . . . Impact Corruptions . | . . . . . . Robots Melted . | . . . . . . Combat Hostiles . | . . . . . . Parts Melted 1 | . . . 1 . . Heat Transferred 925 | . . . 925 . . Parts Sabotaged . | . . . . . . Parts Stolen . | . . . . . . Parts Stripped . | . . . . . . Power Chain Reactions . | . . . . . . Missiles Intercepted . | . . . . . . Alert | -11 -10 -10 -9 -9 -9 ------- Run | Scr Mat Min Mat Min Exi Peak Influence 360 | 10 228 196 360 320 . Initial 140 | . 6 66 . 140 . Average 171 | 1 123 151 201 261 . Maximum Alert Level 1 | . 1 . 1 1 . Low Security (%) 61 | 100 68 100 51 7 . Level 1 38 | . 31 . 48 92 . Level 2 . | . . . . . . Level 3 . | . . . . . . Level 4 . | . . . . . . Level 5 . | . . . . . . High Security . | . . . . . . Max Security . | . . . . . . Squads Dispatched 6 | . 2 . 4 . . Investigation 2 | . 2 . . . . Extermination . | . . . . . . Reinforcement 4 | . . . 4 . . Assault . | . . . . . . Garrison . | . . . . . . Intercept . | . . . . . . Construction Impeded . | . . . . . . Haulers Reinforced . | . . . . . . Stealth | -11 -10 -10 -9 -9 -9 --------- Run | Scr Mat Min Mat Min Exi Distress Signals 4 | . 1 . 3 . . Communications Jammed . | . . . . . . Distress Signals . | . . . . . . Times Spotted 80 | . 18 5 34 16 7 Peak Tracking Total 11 | . 7 3 6 8 11 Tactical Retreats 6 | . . . 3 2 1 Traps | -11 -10 -10 -9 -9 -9 ------- Run | Scr Mat Min Mat Min Exi Traps Triggered 4 | . 1 . 3 . . Indirectly . | . . . . . . Trap Hack Attempts . | . . . . . . Triggered . | . . . . . . Disarmed . | . . . . . . Reprogrammed . | . . . . . . Reused . | . . . . . . Traps Extracted . | . . . . . . Installed . | . . . . . . Triggered . | . . . . . . Machines | -11 -10 -10 -9 -9 -9 ---------- Run | Scr Mat Min Mat Min Exi Machines Disabled 5 | . . . 1 2 2 Max in Single Turn 2 | . . . 1 1 2 Machines Sabotaged . | . . . . . . Garrisons Compromised . | . . . . . . Overloaded Fab Kills . | . . . . . . Fab Network Shutdowns . | . . . . . . Hacking | -11 -10 -10 -9 -9 -9 --------- Run | Scr Mat Min Mat Min Exi Machines Accessed 9 | . 5 . 2 1 1 Terminals 6 | . 4 . 1 1 . Fabricators . | . . . . . . Repair Stations 1 | . 1 . . . . Recycling Units 1 | . . . 1 . . Scanalyzers . | . . . . . . Garrison Access . | . . . . . . Total Hacks 28 | . 12 . 6 1 9 Successful 18 | . 6 . 3 . 9 Failed 10 | . 6 . 3 1 . Catastrophic 2 | . 2 . . . . Database Lockouts . | . . . . . . Manual 1 | . . . . . 1 Terminals 10 | . 7 . 2 1 . Fabricators . | . . . . . . Repair Stations 5 | . 5 . . . . Recycling Units 4 | . . . 4 . . Scanalyzers . | . . . . . . Garrison Access . | . . . . . . Terminal Hacks 12 | . 2 . 1 . 9 Record 9 | . . . . . 9 Prototype ID Bank 2 | . 1 . 1 . . Locate Traps 1 | . 1 . . . . Fabricator Hacks . | . . . . . . Repair Station Hacks 4 | . 4 . . . . Scan Component 2 | . 2 . . . . Repair 2 | . 2 . . . . Recycling Unit Hacks 2 | . . . 2 . . Retrieve Matter 1 | . . . 1 . . Retrieve Components 1 | . . . 1 . . Scanalyzer . | . . . . . . Garrison Access Hacks . | . . . . . . Unauthorized Hacks . | . . . . . . Terminals . | . . . . . . Fabricators . | . . . . . . Repair Stations . | . . . . . . Recycling Units . | . . . . . . Scanalyzers . | . . . . . . Garrison Access . | . . . . . . Data Cores Recovered 1 | . . . 1 . . Used . | . . . . . . Hacking Detections 8 | . 5 . 2 1 . Full Trace Events 1 | . 1 . . . . Feedback Events . | . . . . . . Feedback Blocked . | . . . . . . Robot Schematics Acquired . | . . . . . . Robots Built . | . . . . . . Matter . | . . . . . . Time . | . . . . . . Total Robot Build Rating . | . . . . . . Part Schematics Acquired . | . . . . . . Parts Built . | . . . . . . Matter . | . . . . . . Time . | . . . . . . Total Part Build Rating . | . . . . . . Parts Repaired 2 | . 2 . . . . Time 58 | . 58 . . . . Parts Recycled . | . . . . . . Recycled Matter . | . . . . . . Retrieved Matter . | . . . . . . Retrieved Components . | . . . . . . Parts Scanalyzed . | . . . . . . Part Schematics Acquired . | . . . . . . Parts Damaged . | . . . . . . Bothacking | -11 -10 -10 -9 -9 -9 ------------ Run | Scr Mat Min Mat Min Exi Used RIF Installer . | . . . . . . Robots Hacked . | . . . . . . Non-combat . | . . . . . . Combat . | . . . . . . Robot Hacks Applied . | . . . . . . Relay Couplers Released . | . . . . . . Robots Rewired . | . . . . . . Allies Hacked . | . . . . . . Hacks Repelled . | . . . . . . Allies | -11 -10 -10 -9 -9 -9 -------- Run | Scr Mat Min Mat Min Exi Total Allies . | . . . . . . Largest Group . | . . . . . . Highest-Rated Group . | . . . . . . Highest-Rated Ally . | . . . . . . Total Orders . | . . . . . . Ally Attacks . | . . . . . . Total Damage . | . . . . . . Kills . | . . . . . . Allies Corrupted . | . . . . . . Allies Melted . | . . . . . . Intel | -11 -10 -10 -9 -9 -9 ------- Run | Scr Mat Min Mat Min Exi Robot Analysis Total . | . . . . . . Derelict Logs Recovered 2 | . . 1 . 1 . Drone Launches . | . . . . . . Drone Recoveries . | . . . . . . Exploration | -11 -10 -10 -9 -9 -9 ------------- Run | Scr Mat Min Mat Min Exi Turns Passed 2659 | 68 606 417 748 289 531 Spaces Moved 1811 | 50 425 252 373 190 521 Core 13 | 10 . . . 1 2 Treads 72 | . 17 2 53 . . Legs 87 | . 69 10 6 2 . Wheels 1639 | 40 339 240 314 187 519 Hover . | . . . . . . Flight . | . . . . . . Fastest Speed 50 | 50 90 110 100 100 100 Average Speed 109 | 90 107 120 120 106 101 Slowest Speed 650 | 100 210 180 240 650 600 Overloaded Moves . | . . . . . . Propulsion Burnouts . | . . . . . . Robots Hopped . | . . . . . . Cave-ins Triggered 1 | . . . 1 . . Exploration Rate (%) 45 | 3 50 46 36 54 83 Regions Visited 5 Branch Regions 3 Pre-discovered Areas 1 | . . . . 1 . Known Exits Taken 2 | . 1 1 . . . Unknown Exits Taken 3 | 1 . . 1 1 . Scrap Searched 2 | . . 1 . 1 . Spaces Dug 3 | . . . 3 . . Terrain Destroyed 107 | . . . 41 48 18 Melee 3 | . . . 3 . . Projectile . | . . . . . . AOE 104 | . . . 38 48 18 Terrain Rammed . | . . . . . . Walls Destroyed . | . . . . . . Machines Disabled . | . . . . . . Actions | -11 -10 -10 -9 -9 -9 --------- Run | Scr Mat Min Mat Min Exi Total 2168 | 63 519 318 516 229 523 Wait 33 | . 30 3 . . . Move 1806 | 49 424 251 372 189 521 Hop . | . . . . . . Pick Up 36 | 4 9 8 13 2 . Fast Attach 14 | 7 2 2 3 . . Attach 18 | . 3 . 8 6 1 Detach 2 | . 2 . . . . Swap 61 | . 11 9 34 7 . Drop 29 | . 6 11 12 . . Fire 157 | 3 32 34 62 25 1 Melee 11 | . . . 11 . . Ram . | . . . . . . Kick . | . . . . . . Crush 1 | . . . 1 . . Escape Stasis . | . . . . . . Rewire . | . . . . . . Trap . | . . . . . . Miscellaneous . | . . . . . . Route ------- -11/Scrapyard -10/Materials (discovered 2 exits: *Mat / *Min) -10/Mines (discovered 2 exits: *Mat x2) -9/Materials -9/Mines -9/Exiles (discovered 1 exit: [*Min]) History --------- Turn | Location | Event 34 | -11/Scrapyard | Discovered new exit (range 15) 69 | -11/Scrapyard | Entered Materials 74 | -10/Materials | Discovered new exit (range 16) 326 | -10/Materials | Build established: Mutant 326 | -10/Materials | Identified exit to Mines 343 | -10/Materials | Discovered new exit (range 15) 426 | -10/Materials | Repaired Imp. Terrain Scanner 452 | -10/Materials | Repaired Lgt. Assault Rifle 540 | -10/Materials | Identified exit to Materials 675 | -10/Materials | Entered Mines 748 | -10/Mines | Discovered exit to Materials (range 15) 758 | -10/Mines | Joined a pair of Derelicts in attacking an 0b10 outpost 851 | -10/Mines | Core integrity fell below 50% 891 | -10/Mines | Learned Materials stockpile data 933 | -10/Mines | Discovered exit to Materials (range 11) 1003 | -10/Mines | Received a Rocket Launcher from a helpful Derelict 1075 | -10/Mines | Build established: Scavenger-Mutant 1092 | -10/Mines | Entered Materials 1092 | -9/Materials | Evolved 2 slots: Utility x1, Weapon x1 1346 | -9/Materials | Crushed by falling debris 1356 | -9/Materials | System corruption reached 10% 1377 | -9/Materials | Lost 3 parts (1p1u1w) 1776 | -9/Materials | Discovered new exit (range 11) 1840 | -9/Materials | Entered Mines 1858 | -9/Mines | Learned location of Zion (-6) 1893 | -9/Mines | Build established: Scavenger-Tank 1941 | -9/Mines | Assembled infested the area 1977 | -9/Mines | Core integrity fell below 50% 2084 | -9/Mines | Lost 5 parts (2n3w) 2125 | -9/Mines | Deemed a non-threat by the Exiles lab entrance 2125 | -9/Mines | Discovered new exit (range 5) 2129 | -9/Mines | Entered Exiles 2142 | -9/Exiles | Discovered new exit (range 17) 2155 | -9/Exiles | Met 8R-AWN 2171 | -9/Exiles | Met EX-HEX 2234 | -9/Exiles | Met EX-BIN 2327 | -9/Exiles | Met EX-DEC 2370 | -9/Exiles | Visited The Gauntlet 2439 | -9/Exiles | Build established: Tank 2649 | -9/Exiles | Attacked by the Exiles 2659 | -9/Exiles | Core integrity fell below 20% 2660 | -9/Exiles | Destroyed by DAS Turret with DAS Cannon Last Messages --------------- 02567_ OHH2Z6P2HBAMWBE/ BUZ# G =9NBMDGG9AM7K%V 02588_ CBEII6L3P,/W63S2LBBIAOWH 02595_ Connecting with BIN's Terminal... 02620_ System corrupted: Component data lost. 02638_ SFBN4PEPJ J